 Dungeon Crawl Stone Soup version 0.30.1-9-gdf580d7c3d (webtiles) character file.

Game seed: 4167901176891343178

2660 KittyFluff the Protected (level 9, -2/84 HPs)
             Began as a Gargoyle Berserker on Oct 16, 2023.
             Was an Elder of Trog.
             Slain by a sleepcap (5 damage)
             ... on level 7 of the Dungeon.
             The game lasted 00:29:23 (6137 turns).

KittyFluff the Protected (Gargoyle Berserker)       Turns: 6137, Time: 00:29:24

Health: -2/84      AC: 19    Str: 26    XL:     9   Next: 63%
Magic:  0/9        EV: 12    Int:  7    God:    Trog [****..]
Gold:   259        SH:  0    Dex:  9    Spells: 8/8 levels left

rFire   . . .        a - +0 mace
rCold   . . .        (no shield)
rNeg    + + .        s - +3 leather armour
rPois   ∞            (no helmet)
rElec   +            d - +0 cloak
rCorr   .            G - +2 pair of gloves {hurl}
SInv    .            F - +0 pair of boots
Will    .....        x - amulet of guardian spirit Stlth
                     I - ring of positive energy
HPRegen 0.34/turn    (no ring)
MPRegen 0.11/turn

%: guardian spirit
@: berserking, very quick
A: sickness immunity, AC +6, negative energy resistance 1, electricity
resistance, torment resistance 1, petrification resistance
a: Renounce Religion, Berserk, Trog's Hand, Brothers in Arms


You were on level 7 of the Dungeon.
You worshipped Trog.
Trog was greatly pleased with you.
You visited 1 branch of the dungeon, and saw 7 of its levels.

You collected 259 gold pieces.

Inventory:

Hand Weapons
 a - a +0 mace (weapon)
Missiles
 m - 6 boomerangs
 n - 16 poisoned darts (quivered)
 t - 2 datura-tipped darts
Armour
 d - a +0 cloak (worn)
 i - a +2 scale mail of poison resistance
 s - a +3 leather armour (worn)
 y - a +0 tower shield
 F - a +0 pair of boots (worn)
 G - a +2 pair of gloves of hurling (worn)
Jewellery
 x - an amulet of guardian spirit (around neck)
 I - a ring of positive energy (left hand)
Wands
 b - a wand of polymorph (6)
 h - a wand of paralysis (6)
Scrolls
 e - 4 scrolls of blinking
 j - 3 scrolls of poison
 k - 2 scrolls of magic mapping {unknown}
 l - 2 scrolls of fear
 o - 2 scrolls of noise {unknown}
 p - 3 scrolls of fog
 r - 3 scrolls of teleportation {unknown}
 u - a scroll of silence
 v - 3 scrolls of enchant armour {unknown}
 B - a scroll of torment
Potions
 c - a potion of berserk rage {unknown}
 f - 3 potions of curing
 g - 2 potions of brilliance {unknown}
 q - 2 potions of might {unknown}
 w - a potion of resistance {unknown}
 z - 2 potions of flight {unknown}
 A - 2 potions of attraction {unknown}
 D - a potion of degeneration {unknown}
 E - a potion of ambrosia {unknown}
 H - a potion of mutation {unknown}


   Skills:
 + Level 6.4 Fighting
 * Level 8.0 Maces & Flails
 * Level 8.5 Armour
 + Level 4.6 Dodging
 + Level 0.0 Shields


You had 8 spell levels left.
You didn't know any spells.
Your spell library was empty.

Dungeon Overview and Level Annotations

Branches:
Dungeon (7/15)             Temple (0/1) D:6

Altars:
Ashenzari
Kikubaaqudgha
Okawaru
Wu Jian

Shops:
D:2 !*=   D:7 ![*(

Annotations:
D:4 1 runed translucent door, Crazy Yiuf


Innate Abilities, Weirdness & Mutations

You are immune to sickness and miasma.
Your stone body is resilient. (AC +6)
You are immune to poison.
You resist negative energy. (rN+)
You are resistant to electric shocks. (rElec)
You are resistant to unholy torment.
You are immune to petrification.


Message History

The kobold brigand hits you but does no damage.
The sleepcap misses you.
A kobold comes into view.
It is wielding a +0 short sword and quivering poisoned darts.
You hit the sleepcap but do no damage. The kobold brigand misses you.
The sleepcap releases spores at you but does no damage.
You hit the sleepcap.
The sleepcap is lightly damaged.
The kobold brigand closely misses you. The sleepcap closely misses you.
You hit the sleepcap.
The sleepcap is moderately damaged.
The kobold brigand hits you with a +0 dagger.
* * * LOW HITPOINT WARNING * * *
The sleepcap closely misses you.
You hit the sleepcap.
The sleepcap is heavily damaged.
The kobold brigand hits you but does no damage.
The sleepcap releases spores at you but does no damage.
You hit the sleepcap but do no damage.
The sleepcap is heavily damaged.
The kobold brigand barely misses you. The sleepcap releases spores at you.
* * * LOW HITPOINT WARNING * * *
You hit the sleepcap.
The sleepcap is severely damaged.
The kobold brigand hits you but does no damage.
The sleepcap closely misses you.
You completely miss the sleepcap.
The sleepcap is severely damaged.
The kobold closely misses you.
The kobold brigand hits you with a +0 dagger.
* * * LOW HITPOINT WARNING * * *
The sleepcap releases spores at you.
* * * LOW HITPOINT WARNING * * *
A red film seems to cover your vision as you go berserk!
You feel yourself moving faster!
You feel mighty! The kobold barely misses you.
The kobold brigand hits you but does no damage.
The sleepcap barely misses you.
You closely miss the kobold. The kobold closely misses you.
The kobold brigand hits you but does no damage.
The sleepcap releases spores at you.
You die...

. .. #.######
..§§.§# #.K§#
#####K@#
#...##f### .
#.∩.##...# ...
#§§§##..##
##..#§§§#...#
#........c.##
##........#.#
#.............
#.......#.F....


You could see a kobold brigand, a sleepcap, a centaur and a kobold.

Vanquished Creatures
  Pikel (D:4)
  Sigmund (D:2)
  2 ice beasts
  A sky beast (D:6)
  An ogre (D:6)
  3 phantoms
  A kobold brigand (D:6)
  9 scorpions
  5 killer bees (D:6)
  A howler monkey (D:5)
  3 hounds (D:5)
  An orc priest (D:5)
  A gnoll bouda (D:5)
  A jelly (D:6)
  A sleepcap (D:6)
  3 iguanas
  2 orc wizards (D:5)
  6 gnolls
  10 adders
  A shadow imp (D:6)
  An ufetubus (D:5)
  2 worms
  2 dart slugs
  6 orcs
  12 endoplasms
  2 giant cockroaches (D:2)
  5 hobgoblins
  8 jackals (D:1)
  10 kobolds
  5 quokkas
  8 ball pythons
  5 bats
  3 frilled lizards (D:3)
  7 goblins
  9 rats
139 creatures vanquished.

Vanquished Creatures (others)
  2 gnolls (D:7)
2 creatures vanquished.

Grand Total: 141 creatures vanquished

Notes
Turn   | Place    | Note
-------+----------+-------------------------------------------
     0 | D:1      | KittyFluff the Gargoyle Berserker began the quest for the
                  | Orb.
     0 | D:1      | Reached XP level 1. HP: 14/14 MP: 1/1
    86 | D:1      | Reached XP level 2. HP: 9/19 MP: 2/2
   253 | D:1      | Found a faded altar of an unknown god.
   391 | D:1      | Reached XP level 3. HP: 23/23 MP: 3/3
   416 | D:1      | Reached ** piety under Trog
   692 | D:2      | Noticed Sigmund
   712 | D:2      | Killed Sigmund
   713 | D:2      | Reached XP level 4. HP: 23/29 MP: 4/4
   713 | D:2      | Reached XP level 5. HP: 27/33 MP: 5/5
   814 | D:2      | Found Xiog's Distillery.
  1193 | D:2      | Reached XP level 6. HP: 38/38 MP: 6/6
  1463 | D:2      | Found Qadyih's Assorted Antiques.
  1557 | D:2      | Found Ilajyrah's Jewellery Shop.
  2087 | D:3      | Reached *** piety under Trog
  2468 | D:3      | Noticed an ice beast
  2484 | D:3      | Killed an ice beast
  2825 | D:4      | Reached skill level 5 in Maces & Flails
  2825 | D:4      | Reached XP level 7. HP: 31/44 MP: 5/7
  2870 | D:4      | You fall into a shaft and drop 1 floor!
  2870 | D:5      | Entered Level 5 of the Dungeon
  2870 | D:5      | Found an ornate altar of the Wu Jian Council.
  2882 | D:5      | Reached skill level 5 in Armour
  3072 | D:5      | Found an iron altar of Okawaru.
  3409 | D:5      | Reached skill level 5 in Fighting
  3409 | D:5      | Reached XP level 8. HP: 15/49 MP: 2/8
  3552 | D:5      | Reached **** piety under Trog
  3883 | D:5      | Found an ancient bone altar of Kikubaaqudgha.
  4440 | D:4      | Noticed Pikel
  4465 | D:4      | Killed Pikel
  4466 | D:4      | Reached XP level 9. HP: 24/55 MP: 5/9
  4841 | D:4      | Found a runed translucent door.
  4842 | D:4      | Noticed Crazy Yiuf
  4994 | D:4      | Found a broken altar of Ashenzari.
  5840 | D:6      | Found a staircase to the Ecumenical Temple.
  6031 | D:7      | Found Heg Vocs's Distillery.
  6031 | D:7      | Found Carchoqo's Antique Armour Emporium.
  6031 | D:7      | Found Ileta's General Store.
  6104 | D:7      | Found Raroxom's Antique Weapon Boutique.
  6135 | D:7      | HP: 1/56 [sleepcap (2)]
  6137 | D:7      | Slain by a sleepcap

Illustrated notes

Levels and vault maps discovered:
D:1:      dpeg_arrival_another_circle, layout_basic,
          hellmonk_ecumenical_altar_leap_of_faith, serial_park_tiny_2
D:2:      minmay_inner_zag, layout_basic, serial_shops, shop, shop, shop,
          uniq_sigmund
D:3:      layout_loops_corners
D:4:      layout_loops_cross, mainiacjoe_overflow_tiny_flanked, uniq_pikel,
          uniq_crazy_yiuf_cottage
D:5:      old_forge, layout_loops_corners, okawaru_trees_1,
          nicolae_wu_jian_glorious_leap, lemuel_doored_altar
D:6:      layout_basic, minmay_temple_entry_antechambers, nicolae_water_bricks,
          st_stairs_7
D:7:      layout_cave_pools, serial_gnoll_camp, gnoll_camp_mini_shop,
          gnoll_camp_mini_hut, gnoll_camp_medium_01, gnoll_camp_mini_basic,
          gnoll_camp_mini_loothouse, nicolae_shop_distant_corner_stores

Skill      XL: |  1  2  3  4  5  6  7  8  9 |
---------------+----------------------------+-----
Dodging        | 2 3 4 |  4.6
Fighting       | 4 5 6 |  6.4
Maces & Flails | 4 5 7 8 |  8.0
Armour         | 4 5 7 8 |  8.5

Action                     |  1- 3 |  4- 6 |  7- 9 || total
---------------------------+-------+-------+-------++-------
  Melee: Mace              |    73 |   149 |   491 ||   713
         Unarmed           |     6 |       |       ||     6
         Punch             |     1 |       |     5 ||     6
 Invoke: Berserk           |       |       |     1 ||     1
    Use: Scroll            |     1 |       |     8 ||     9
         Potion            |       |       |     2 ||     2
 Armour: Animal skin       |    29 |       |       ||    29
         Leather armour    |       |    62 |   349 ||   411
  Dodge: Dodged            |    69 |   102 |   420 ||   591
